 Dungeon Crawl Stone Soup version 0.26-b1-52-g61e05abef2 (webtiles) character file.

Game seed: 9838842276785114008

3165 raceaflais the Cleaver (level 9, -4/118 HPs)
             Began as a Green Draconian Berserker on Jan 7, 2021.
             Was an Elder of Trog.
             Slain by a basilisk (7 damage)
             ... while petrified by a basilisk
             ... on level 8 of the Dungeon.
             The game lasted 00:14:53 (7639 turns).

raceaflais the Cleaver (Green Draconian Berserker)  Turns: 7639, Time: 00:14:54

Health: -4/118     AC:  8    Str: 23    XL:     9   Next: 63%
Magic:  9/9        EV:  2    Int:  7    God:    Trog [****..]
Gold:   494        SH:  0    Dex: 15    Spells: 8/8 levels left

rFire    . . .     SeeInvis .   f - +2 morningstar (freeze)
rCold    . . .     Faith    .   n - +0 buckler
rNeg     + + +     Spirit   .   (armour unavailable)
rPois    ∞         Reflect  .   (helmet restricted)
rElec    .         Harm     .   (no cloak)
rCorr    .         Rampage  .   (no gloves)
Will     .....     Rnd*Rage +   q - +0 pair of boots
Stlth    ..........             b - amulet of the acrobat
HPRegen  0.29/turn              s - +4 ring of evasion
MPRegen  0.11/turn              (no ring)

@: berserking (expiring), petrified
A: breathe noxious fumes, unfitting armour, agile 2, berserk 1, poison
resistance, cold-blooded, AC +7
a: Breathe Noxious Fumes, Renounce Religion, Berserk, Trog's Hand, Brothers in
Arms


You were on level 8 of the Dungeon.
You worshipped Trog.
Trog was greatly pleased with you.
You visited 1 branch of the dungeon, and saw 8 of its levels.

You collected 544 gold pieces.
You spent 50 gold pieces at shops.

Inventory:

Hand Weapons
 a - a +0 hand axe
 f - a +2 morningstar of freezing (weapon)
 h - a +0 battleaxe
Missiles
 p - 65 poisoned darts
Armour
 n - a +0 buckler (worn)
 q - a +0 pair of boots (worn)
 v - a +1 hat
Magical Staves
 c - an uncursed staff of poison
 u - an uncursed staff of air
Jewellery
 b - an amulet of the acrobat (around neck)
 s - a +4 ring of evasion (left hand)
Wands
 d - a wand of digging (9)
Scrolls
 e - 4 scrolls of fear
 g - a scroll of immolation
 i - a scroll of noise
 j - 6 scrolls of teleportation
 k - 3 scrolls of remove curse
 l - 3 scrolls of enchant weapon
 o - 2 scrolls of identify
Potions
 m - 5 potions of curing
 r - 2 potions of heal wounds
 t - 2 potions of lignification
 w - a potion of haste {unknown}
 x - a potion of flight


   Skills:
 + Level 7.1 Fighting
 + Level 9.1(9.4) Axes
 + Level 3.8(7.0) Maces & Flails
 + Level 6.4 Dodging
 + Level 4.2 Stealth
 + Level 0.6 Shields


You had 8 spell levels left.
You didn't know any spells.
Your spell library contained the following spells:

 Spells                   Type           Power        Failure   Level
 Magic Dart               Conj           0%           56%         1
 Shock                    Conj/Air       0%           56%         1
 Blink                    Tloc           N/A          71%         2
 Call Imp                 Summ           0%           71%         2
 Slow                     Hex            0%           71%         2
 Swiftness                Air            0%           71%         2
 Conjure Flame            Conj/Fire      0%           91%         3
 Mephitic Cloud           Conj/Pois/Air  0%           91%         3
 Static Discharge         Conj/Air       0%           91%         3
 Airstrike                Air            0%           100%        4
 Lightning Bolt           Conj/Air       0%           100%        5


Dungeon Overview and Level Annotations

Branches:
Dungeon (8/15)             Temple (0/1) D:4            Lair (0/6) D:8

Altars:
Dithmenos
Fedhas
Gozag
Hepliaklqana
Okawaru
Qazlal
Xom
Zin
The Shining One

Shops:
D:4 *   D:5 (*   D:8 *([


Innate Abilities, Weirdness & Mutations

You can breathe blasts of noxious fumes.
Your lurid green scales are hard. (AC +7)
You cannot fit into any form of body armour.
Your system is resistant to poisons. (rPois)
You are cold-blooded and may be slowed by cold attacks.
You are very agile. (Dex +4)
You tend to lose your temper in combat.


Message History

The basilisk gazes at you. You resist with some effort. The iguana bites you!
* * * LOW HITPOINT WARNING * * *
The wyvern bites you!
* * * LOW HITPOINT WARNING * * *
The yak gores you!
* * * LOW HITPOINT WARNING * * *
The iguana bites you.
* * * LOW HITPOINT WARNING * * *
The wyvern bites you!
* * * LOW HITPOINT WARNING * * *
The basilisk gazes at you. You resist with some effort. The iguana bites you!
* * * LOW HITPOINT WARNING * * *
The yak gores you but does no damage. The wyvern bites you!
* * * LOW HITPOINT WARNING * * *
The iguana bites you but does no damage.
The basilisk bites you!
You die...

...#......# ..........#
.#.∩.#.#### #
..)†.#'#### ##..
...#......# ##....
..###.....########......
................#..P....
###############.lY......
.....# #.@ll...>. ..##.#
##ll.P.... ..##.#
##....... ...... #......
####.# ##.... .......
##.. ####.## #
###.##+#.# #........#


You could see a yak, 2 basilisks, a wyvern and 2 iguanas.

Vanquished Creatures
  Pikel (D:7)
  Grinder (D:6)
  Menkaure (D:7)
  3 sky beasts
  2 ice beasts (D:6)
  2 ogres (D:5)
  A necrophage (D:7)
  2 orc warriors
  3 centaurs
  A lemure (D:7)
  2 bullfrogs
  A wyvern skeleton (D:7)
  2 scorpions
  3 wights (D:7)
  A howler monkey (D:4)
  6 hounds
  3 jellies
  An orc priest (D:4)
  A bullfrog skeleton (D:4)
  An iguana (D:5)
  2 orc wizards
  Terence (D:3)
  4 worker ants
  A hound skeleton (D:7)
  5 gnolls
  A howler monkey zombie (D:7)
  9 adders
  A shadow imp (D:6)
  3 white imps
  4 ufetubi
  3 oozes
  2 adder skeletons
  A worm (D:5)
  3 dart slugs
  4 leopard geckos
  7 orcs
  A giant cockroach (D:4)
  5 goblins
  9 hobgoblins
  13 jackals
  4 kobolds
  8 quokkas
  11 bats
  2 frilled lizards
  A giant cockroach zombie (D:5)
  A quokka skeleton (D:4)
  8 rats
152 creatures vanquished.

Vanquished Creatures (others)
  2 plants (D:8)
2 creatures vanquished.

Grand Total: 154 creatures vanquished

Notes
Turn   | Place    | Note
-------+----------+-------------------------------------------
     0 | D:1      | raceaflais the Draconian Berserker began the quest for the
                  | Orb.
     0 | D:1      | Reached XP level 1. HP: 19/19 MP: 1/1
   390 | D:1      | Reached XP level 2. HP: 19/26 MP: 2/2
   685 | D:1      | Reached XP level 3. HP: 30/33 MP: 3/3
  1334 | D:2      | Reached ** piety under Trog
  1562 | D:2      | Found a stormy altar of Qazlal.
  1799 | D:2      | Found a shimmering altar of Xom.
  1923 | D:3      | Reached XP level 4. HP: 38/40 MP: 4/4
  1942 | D:3      | Noticed an orc warrior
  1954 | D:3      | Killed an orc warrior
  1955 | D:3      | Reached skill level 4 in Axes
  1955 | D:3      | Reached XP level 5. HP: 46/46 MP: 5/5
  2196 | D:3      | Noticed a centaur
  2206 | D:3      | Reached skill level 1 in Stealth
  2210 | D:3      | Killed a centaur
  2211 | D:3      | Reached skill level 5 in Axes
  2262 | D:3      | Noticed Terence
  2285 | D:3      | Killed Terence
  2286 | D:3      | Reached XP level 6. HP: 53/53 MP: 6/6
  2693 | D:3      | Found a blossoming altar of Fedhas.
  3067 | D:3      | Found a glowing golden altar of the Shining One.
  3396 | D:4      | Found Rousodutz's General Store.
  3403 | D:4      | Bought a potion of heal wounds for 50 gold pieces
  3660 | D:4      | Found a staircase to the Ecumenical Temple.
  3690 | D:4      | Your scales start taking on a lurid green colour.
  3690 | D:4      | Reached XP level 7. HP: 37/60 MP: 7/7
  3690 | D:4      | Gained mutation: Your system is resistant to poisons.
                  | (rPois) [Green Draconian growth]
  3745 | D:4      | Reached skill level 6 in Axes
  4156 | D:4      | Reached *** piety under Trog
  4317 | D:4      | Noticed an angel
  4318 | D:4      | Found a glowing silver altar of Zin.
  4345 | D:5      | Entered Level 5 of the Dungeon
  4368 | D:5      | Reached skill level 5 in Fighting
  4903 | D:5      | Gained mutation: You tend to lose your temper in combat.
                  | [potion of mutation]
  4903 | D:5      | Gained mutation: You are agile. (Dex +2) [potion of
                  | mutation]
  4903 | D:5      | Gained mutation: You are very agile. (Dex +4) [potion of
                  | mutation]
  5164 | D:5      | Found Ijucuss's Antique Weapon Boutique.
  5180 | D:5      | Found an opulent altar of Gozag.
  5193 | D:5      | Found Gozag's Platinum Reserve.
  5294 | D:5      | Reached skill level 7 in Axes
  5513 | D:5      | Found a shadowy altar of Dithmenos.
  5513 | D:5      | Found a hazy altar of Hepliaklqana.
  5516 | D:5      | Noticed a shadow
  5601 | D:6      | Noticed Grinder
  5609 | D:6      | Killed Grinder
  5610 | D:6      | Reached XP level 8. HP: 70/70 MP: 8/8
  5612 | D:6      | Reached skill level 5 in Dodging
  5947 | D:6      | Reached skill level 8 in Axes
  6506 | D:7      | Noticed Menkaure
  6518 | D:7      | Killed Menkaure
  6608 | D:7      | Noticed Pikel
  6624 | D:7      | Killed Pikel
  6625 | D:7      | Reached skill level 1 in Maces & Flails
  6625 | D:7      | Reached XP level 9. HP: 78/78 MP: 9/9
  6793 | D:7      | Reached skill level 9 in Axes
  6832 | D:7      | Found an iron altar of Okawaru.
  7107 | D:7      | Reached **** piety under Trog
  7549 | D:8      | Found Ifaneu Pate's Weapon Emporium.
  7584 | D:8      | Found Ahyllakk's General Store.
  7597 | D:8      | Found Geffid's Armour Emporium.
  7625 | D:8      | Found a staircase to the Lair.
  7639 | D:8      | HP: 3/118 [wyvern (4)]
  7639 | D:8      | Slain by a basilisk

Illustrated notes

Levels and vault maps discovered:
D:1:      moated_graveyard_arrival, layout_basic, minmay_vboxes
D:2:      layout_basic, marbit_many_paths, tgw_xom
D:3:      layout_rooms, general_overflow_altar, lemuel_round_altar,
          kennysheep_generic_room_16, uniq_terence
D:4:      layout_gridville, zin_angel, minmay_temple_entry_wispy, serial_shops,
          shop
D:5:      layout_loops_ring, riverfiend_overflow_shadow_ancestor,
          nicolae_gozag_zags_fifth_avenue, serial_shops, shop
D:6:      layout_basic, nicolae_ru_the_path_less_chosen, uniq_grinder
D:7:      minmay_razor_zed, layout_basic, okawaru_trees_2, uniq_menkaure,
          uniq_pikel
D:8:      layout_basic, lemuel_round_altar, overflow_temple_1_default,
          david_lair_generic, serial_shops, nicolae_shop_stone,
          nicolae_shop_stone, shop_coins, enter_bailey_2, serial_bayou_lake_a

Skill      XL: |  1  2  3  4  5  6  7  8  9 |
---------------+----------------------------+-----
Dodging        | 3 4 5 6 |  6.4
Fighting       | 4 5 6 7 |  7.1
Axes           | 4 5 7 8 9 |  9.1
Stealth        | 1 2 3 4 |  4.2
Maces & Flails | 1 3 |  3.8
Shields        | |  0.6

Action                   |  1- 3 |  4- 6 |  7- 9 || total
-------------------------+-------+-------+-------++-------
Melee: Hand axe          |   126 |   139 |   202 ||   467
       Tailslap          |    14 |    16 |    52 ||    82
       Dire flail        |       |       |    44 ||    44
       Morningstar       |       |       |    67 ||    67
Invok: Berserk           |     1 |     3 |     5 ||     9
  Use: Scroll            |     2 |       |    15 ||    17
       Potion            |       |       |     9 ||     9
 Stab: Sleeping          |     2 |     2 |     8 ||    12
Armor: Skin              |    47 |    31 |    70 ||   148
Dodge: Dodged            |   112 |   113 |   254 ||   479
Block: Buckler           |       |       |    11 ||    11
